 Dungeon Crawl Stone Soup version 0.23.2-30-g0e89c35649 (webtiles) character file.

Game seed: 6209912821459253277

531 Mrkan the Caller (level 7, -2/42 HPs)
             Began as a Tengu Summoner on June 25, 2019.
             Slain by a sky beast (5 damage)
             ... on level 5 of the Dungeon.
             The game lasted 00:20:47 (4480 turns).

Mrkan the Caller (Tengu Summoner)                   Turns: 4480, Time: 00:20:48

Health: -2/42      AC:  4    Str: 11    XL:     7   Next: 24%
Magic:  1/14       EV: 12    Int: 18    God:
Gold:   178        SH:  0    Dex: 14    Spells: 7/14 levels left

rFire    . . .     SeeInvis .   m - +0 spear
rCold    + . .     Gourm    .   (no shield)
rNeg     . . .     Faith    .   y - +0 leather armour {rPois}
rPois    +         Spirit   .   (helmet restricted)
rElec    .         Reflect  .   l - +0 cloak
rCorr    .         Harm     .   (no gloves)
MR       .....                  (boots unavailable)
Stlth    ++........             (no amulet)
HPRegen  0.14/turn              t - +3 ring of strength
MPRegen  0.14/turn              s - ring of protection from cold

@: no status effects
A: beak, talons 3, able to fly
a: Fly


You were on level 5 of the Dungeon.
You were not hungry.

You visited 1 branch of the dungeon, and saw 5 of its levels.

You collected 178 gold pieces.

Inventory:

Hand Weapons
 m - a +0 spear (weapon)
 r - a +0 blowgun
Missiles
 b - 154 stones (quivered)
 f - 28 poisoned needles
Armour
 a - a +0 robe
 l - a +0 cloak (worn)
 o - a +0 scale mail
 p - a +2 robe of cold resistance
 y - a +0 leather armour of poison resistance (worn)
 A - a +2 robe of magic resistance
Jewellery
 s - a ring of protection from cold (right hand)
 t - a +3 ring of strength (left hand)
Scrolls
 d - 4 scrolls of teleportation {unknown}
 h - a scroll of fog {unknown}
 i - 2 scrolls of magic mapping {unknown}
 j - 4 scrolls of identify
 q - a scroll of fear {unknown}
 x - a scroll of random uselessness {unknown}
 C - a scroll of remove curse {unknown}
 E - a scroll of enchant armour {unknown}
Potions
 e - a potion of invisibility {unknown}
 g - 2 potions of might {unknown}
 k - a potion of magic {unknown}
 n - a potion of berserk rage {unknown}
 u - a potion of haste {unknown}
 v - a potion of degeneration {unknown}
 w - a potion of mutation {unknown}
 z - a potion of brilliance {unknown}
 B - 2 potions of curing
 D - 2 potions of heal wounds {unknown}
Comestibles
 c - 10 rations


   Skills:
 + Level 3.9 Fighting
 - Level 2.1 Dodging
 - Level 2.0 Stealth
 + Level 4.1 Spellcasting
 - Level 6.7 Summonings
 + Level 2.9 Air Magic


You had 7 spell levels left.
You knew the following spells:

 Your Spells              Type           Power        Failure   Level  Hunger
a - Summon Small Mammal   Summ           ####         1%          1    None
b - Call Imp              Summ           ####....     1%          2    ##.....
c - Summon Lightning Spi  Summ/Air       ###.....     26%         4    ####...

Your spell library contained the following spells:

 Spells                   Type           Power        Failure   Level  Hunger
 Call Canine Familiar     Summ           ####....     3%          3    ###....
 Summon Guardian Golem    Hex/Summ       ###.....     14%         3    ###....
 Summon Ice Beast         Ice/Summ       ###.....     43%         4    ####...


Dungeon Overview and Level Annotations

Branches:
Dungeon (5/15)
 Temple: D:4-7

Altars:
Cheibriados
Hepliaklqana
Xom


Innate Abilities, Weirdness & Mutations

You have a beak for a mouth.
You have claws for feet.
You can fly continuously.


Message History

Reactivating autopickup.
The sky beast barely misses you.
Your crimson imp hits the sky beast.
Okay, then.
You hit the sky beast. You claw the sky beast. You peck the sky beast.
The sky beast is severely wounded.
The sky beast closely misses you.
Your crimson imp closely misses the sky beast.
You miss the sky beast.
The sky beast is severely wounded.
The sky beast flickers out of sight!
Deactivating autopickup; reactivate with Ctrl-A.
Something hits you.
* * * LOW HITPOINT WARNING * * *
Something shocks you.
* * * LOW HITPOINT WARNING * * *
Your crimson imp closely misses something.
You barely miss something. Something hits you.
* * * LOW HITPOINT WARNING * * *
Something shocks you.
You die...

######## .......# .#####.#
############# .# #.#
##....8@{5.(.# .###
#.###.....######)# ...#
#.##........## #.# .#.#
#.##.........# #)# .#.#
#.##.........# #....#
.#.###.##......#..# #.....#
....<..##.#...##..###......o.
##.######.#.#...........###..
#.# #.#.####.######.# #


You could see a friendly lightning spire and a friendly crimson imp.

Vanquished Creatures
  Dowan (D:4)
  A scorpion (D:4)
  A centaur skeleton (D:4)
  An orc wizard (D:4)
  A worker ant (D:4)
  2 hound skeletons (D:4)
  2 adders
  An ooze (D:4)
  2 dart slugs
  2 leopard geckos
  3 orcs
  4 bats
  2 giant cockroaches (D:3)
  6 goblins
  2 hobgoblins (D:3)
  A quokka (D:3)
  A ball python (D:1)
  3 frilled lizards
  4 kobolds
  2 rats
42 creatures vanquished.

Vanquished Creatures (collateral kills)
  Duvessa (D:4)
  A sky beast (D:2)
  A scorpion (D:4)
  An orc priest (D:4)
  Crazy Yiuf (D:2)
  An orc wizard (D:5)
  Jessica (D:2)
  2 iguanas (D:4)
  5 adders
  A worm (D:3)
  3 dart slugs
  13 orcs
  4 bats (D:2)
  A giant cockroach (D:2)
  6 goblins
  3 hobgoblins
  4 jackals (D:2)
  A quokka (D:2)
  3 frilled lizards
  6 kobolds
  5 rats
64 creatures vanquished.

Grand Total: 106 creatures vanquished

Notes
Turn   | Place    | Note
-------+----------+-------------------------------------------
     0 | D:1      | Mrkan the Tengu Summoner began the quest for the Orb.
     0 | D:1      | Reached XP level 1. HP: 10/10 MP: 4/4
   146 | D:1      | Reached skill level 5 in Summonings
   162 | D:1      | Reached XP level 2. HP: 10/16 MP: 3/6
   190 | D:1      | Learned a level 2 spell: Call Imp
   348 | D:1      | Reached skill level 1 in Fighting
   670 | D:1      | Reached XP level 3. HP: 14/20 MP: 3/7
   878 | D:2      | Noticed a sky beast
   901 | D:2      | Killed a sky beast
   901 | D:2      | Reached XP level 4. HP: 20/26 MP: 1/9
  1101 | D:2      | HP: 1/26 [poisoned by an adder]
  1573 | D:2      | Found a shimmering altar of Xom.
  1688 | D:2      | Noticed Jessica
  1734 | D:2      | Killed Jessica
  1734 | D:2      | Gained mutation: You can fly continuously. [Tengu growth]
  1734 | D:2      | Reached XP level 5. HP: 19/31 MP: 3/10
  1857 | D:2      | Found a runed translucent door.
  1858 | D:2      | Noticed Crazy Yiuf
  1877 | D:2      | Killed Crazy Yiuf
  1877 | D:2      | Reached skill level 6 in Summonings
  3060 | D:4      | Reached XP level 6. HP: 25/36 MP: 5/12
  3208 | D:4      | Learned a level 4 spell: Summon Lightning Spire
  3230 | D:4      | Noticed a spatial vortex
  3389 | D:4      | Found a snail-covered altar of Cheibriados.
  3482 | D:4      | Noticed Duvessa
  3497 | D:4      | Noticed Dowan
  3519 | D:4      | Killed Duvessa
  3519 | D:4      | Reached skill level 1 in Air Magic
  3533 | D:4      | Killed Dowan
  3638 | D:4      | Reached XP level 7. HP: 19/41 MP: 11/13
  4176 | D:5      | Entered Level 5 of the Dungeon
  4200 | D:5      | Found a hazy altar of Hepliaklqana.
  4480 | D:5      | Slain by a sky beast

Skill      XL: |  1  2  3  4  5  6  7 |
---------------+----------------------+-----
Summonings     | 5 6 |  6.7
Fighting       | 1 2 3 |  3.9
Spellcasting   | 3 4 |  4.1
Air Magic      | 2 |  2.9
Dodging        | |  2.1
Stealth        | |  2.0

Action                   |  1- 3 |  4- 6 |  7- 9 || total
-------------------------+-------+-------+-------++-------
Melee: Unarmed           |    45 |    29 |       ||    74
       Kick              |    11 |    18 |     8 ||    37
       Peck              |     6 |    20 |     6 ||    32
       Spear             |       |    78 |    21 ||    99
 Fire: Blowgun           |       |    31 |     3 ||    34
Throw: Stone             |     9 |    18 |     2 ||    29
 Cast: Summon Small Mamm |     7 |       |       ||     7
       Call Imp          |    17 |    48 |     7 ||    72
       Summon Lightning  |       |       |     3 ||     3
  Use: Potion            |       |     2 |       ||     2
       Scroll            |       |     2 |       ||     2
 Stab: Distracted        |     2 |     2 |       ||     4
  Eat: Chunk             |     1 |    11 |     1 ||    13
       Ration            |       |       |     1 ||     1
Armor: Robe              |    20 |     5 |       ||    25
       Scale mail        |       |    58 |       ||    58
       Leather armour    |       |     8 |     3 ||    11
Dodge: Dodged            |    43 |   119 |    11 ||   173
